 Dungeon Crawl Stone Soup version 0.21-a0-185-g3a6ed1e (webtiles) character file.

469 Jeffwins the Chopper (level 6, -1/52 HPs)
             Began as a Draconian Fighter on Aug 12, 2017.
             Killed from afar by Jeffwins's ghost (6 damage)
             ... with a magic dart
             ... on level 5 of the Dungeon.
             The game lasted 00:05:48 (3558 turns).

Jeffwins the Chopper (Draconian Fighter)            Turns: 3558, Time: 00:05:49

Health: -1/52      AC:  7    Str: 23    XL:     6   Next: 82%
Magic:  6/6        EV: 13    Int: 10    God:
Gold:   201        SH:  0    Dex: 11    Spells: 5/5 levels left

rFire    . . .     SeeInvis .   a - +0 war axe
rCold    + + .     Gourm    .   m - +0 buckler
rNeg     . . .     Faith    .   (armour unavailable)
rPois    +         Spirit   .   (helmet restricted)
rElec    +         Reflect  .   n - +0 cloak
rCorr    +         Harm     .   (no gloves)
MR       .....                  (no boots)
Stlth    +.........             (no amulet)
HPRegen  0.17/turn              p - ring of ice
MPRegen  0.10/turn              h - ring of resist corrosion

@: confused, mighty, resistant, hasted, very quick
A: unfitting armour, cold-blooded, AC +6
a: no special abilities


You were on level 5 of the Dungeon.
You were hungry.

You visited 1 branch of the dungeon, and saw 5 of its levels.

You collected 201 gold pieces.

Inventory:

Hand Weapons
 a - a +0 war axe (weapon)
Armour
 b - a +0 shield
 m - a +0 buckler (worn)
 n - a +0 cloak (worn)
Jewellery
 h - a ring of resist corrosion (right hand)
 o - an uncursed ring of positive energy
 p - a ring of ice (left hand)
Wands
 q - a wand of scattershot (5/9)
Scrolls
 e - 7 scrolls of identify {unknown}
 i - 2 scrolls of magic mapping {unknown}
 j - 3 scrolls of teleportation {unknown}
 k - a scroll of fog {unknown}
 r - a scroll of recharging {unknown}
Comestibles
 d - 4 bread rations
 g - 2 royal jellies


   Skills:
 - Level 3.7 Fighting
 * Level 6.0 Axes
 - Level 3.3 Dodging
 + Level 4.4 Shields


You had 5 spell levels left.
You didn't know any spells.

Dungeon Overview and Level Annotations

Branches:
Dungeon (5/15)
 Temple: D:4-7

Altars:
Zin

Shops:
D:4 =

Annotations:
D:5 Jeffwins's ghost, novice DrCj


Innate Abilities, Weirdness & Mutations

Your plain brown scales are hard. (AC +6)
You cannot fit into any form of body armour.
You are cold-blooded and may be slowed by cold attacks.


Message History

Jeffwins's ghost is heavily damaged.
Jeffwins's ghost casts a spell at you. The magic dart hits you!
* * * LOW HITPOINT WARNING * * *
You slash Jeffwins's ghost!
Jeffwins's ghost is severely damaged.
Jeffwins's ghost whispers, "Death doesn't hurt.
What you feel is life."
Jeffwins's ghost hits you but does no damage.
You barely miss Jeffwins's ghost.
Jeffwins's ghost is severely damaged.
Jeffwins's ghost gestures at you while chanting.
The spray of energy hits you!
* * * LOW HITPOINT WARNING * * *
You are confused.
You're too confused to move!
Jeffwins's ghost casts a spell at you. The orb of energy misses you.
Jeffwins's ghost gestures at you while chanting.
The magic dart hits you!
You die...

.................#
.....>#..........#
####...#.......##
.....#..#.......#
####............#
................#
######..#....(..#
..#..#.......#
.....#@......#
..............#
...%..#..W.?$.#
..........#####
...........#
............#
...........(#
..............
(........)....


You could see Jeffwins's ghost.

Vanquished Creatures
  A phantom (D:4)
  An ogre (D:4)
  A crimson imp (D:2)
  2 hounds (D:4)
  Crazy Yiuf (D:4)
  An iguana (D:4)
  A hound zombie (D:5)
  6 adders
  An ooze (D:1)
  2 worms (D:4)
  A dart slug (D:1)
  4 leopard geckos
  4 orcs (D:3)
  3 giant cockroaches
  7 goblins
  3 hobgoblins
  7 jackals
  4 ball pythons
  8 bats
  7 frilled lizards
  8 kobolds
  4 rats (D:1)
77 creatures vanquished.

Notes
Turn   | Place    | Note
-------+----------+-------------------------------------------
     0 | D:1      | Jeffwins the Draconian Fighter began the quest for the Orb.
     0 | D:1      | Reached XP level 1. HP: 19/19 MP: 1/1
   401 | D:1      | Reached XP level 2. HP: 17/26 MP: 2/2
   883 | D:2      | Reached XP level 3. HP: 31/31 MP: 3/3
  1027 | D:2      | Reached skill level 3 in Axes
  1132 | D:2      | Reached XP level 4. HP: 37/40 MP: 4/4
  1686 | D:3      | Reached skill level 4 in Axes
  1747 | D:3      | Reached XP level 5. HP: 37/46 MP: 5/5
  2035 | D:3      | Found a glowing silver altar of Zin.
  2036 | D:3      | Noticed an angel
  2160 | D:4      | Noticed an ogre
  2168 | D:4      | Killed an ogre
  2168 | D:4      | Reached skill level 5 in Axes
  2455 | D:4      | Found Heotiaf's Jewellery Emporium.
  2624 | D:4      | Noticed a phantom
  2639 | D:4      | Killed a phantom
  2639 | D:4      | Reached XP level 6. HP: 29/52 MP: 6/6
  3439 | D:4      | Found a runed door.
  3443 | D:4      | Noticed Crazy Yiuf
  3447 | D:4      | Killed Crazy Yiuf
  3447 | D:4      | Reached skill level 6 in Axes
  3496 | D:5      | Entered Level 5 of the Dungeon
  3539 | D:5      | Noticed Jeffwins's ghost (novice DrCj)
  3558 | D:5      | Killed from afar by Jeffwins's ghost

Vault maps used:
D:1:      zelgadis_glass_arrival_small
D:3:      zin_angel, first_bread
D:4:      serial_shops, kennysheep_mini_moat, uniq_crazy_yiuf_cottage
D:5:      minmay_temple_entry_purple_smoke, serial_shops, shop, basic_altar

Skill      XL: |  1  2  3  4  5  6 |
---------------+-------------------+-----
Dodging        | 3 |  3.3
Axes           | 3 4 5 6 |  6.0
Shields        | 4 |  4.4
Fighting       | |  3.7

Action                   |  1- 3 |  4- 6 || total
-------------------------+-------+-------++-------
Melee: War axe           |    78 |   151 ||   229
       Tailslap          |     5 |    19 ||    24
  Use: Potion            |     1 |     4 ||     5
  Eat: Chunk             |       |     8 ||     8
Armor: Skin              |    25 |    53 ||    78
Dodge: Dodged            |    31 |    76 ||   107
Block: Shield            |    39 |    31 ||    70
       Buckler           |       |    15 ||    15
